 Dungeon Crawl Stone Soup version 0.26.1-11-gd32895ea62 (webtiles) character file.

Game seed: 5135831471143990946

832 diana the Skirmisher (level 7, -2/59 HPs)
             Began as a Demonspawn Gladiator on Apr 13, 2021.
             Slain by a centaur
             ... wielding a +1 vampiric lajatang
              (15 damage)
             ... on level 5 of the Dungeon.
             The game lasted 00:07:16 (5832 turns).

diana the Skirmisher (Demonspawn Gladiator)         Turns: 5832, Time: 00:07:18

Health: -2/59      AC:  6    Str: 16    XL:     7   Next: 65%
Magic:  7/7        EV: 13    Int:  9    God:
Gold:   300        SH:  0    Dex: 15    Spells: 6/6 levels left

rFire    . . .     SeeInvis .   a - +0 long sword
rCold    . . .     Faith    .   (no shield)
rNeg     . . .     Spirit   .   b - +0 leather armour
rPois    .         Reflect  .   c - +0 helmet
rElec    .         Harm     .   (no cloak)
rCorr    .         Rampage  .   (no gloves)
Will     .....                  (no boots)
Stlth    +.........             (no amulet)
HPRegen  0.19/turn              (no ring)
MPRegen  0.10/turn              (no ring)

@: no status effects
A: talons 2, yellow scales 1
a: no special abilities


You were on level 5 of the Dungeon.
You visited 1 branch of the dungeon, and saw 6 of its levels.
You also visited: Sewer.

You collected 300 gold pieces.

Inventory:

Hand Weapons
 a - a +0 long sword (weapon)
Missiles
 d - 3 throwing nets (quivered)
Armour
 b - a +0 leather armour (worn)
 c - a +0 helmet (worn)
Jewellery
 q - a +6 ring of intelligence {unknown}
Wands
 m - a wand of acid (4)
 o - a wand of disintegration (5)
Scrolls
 e - 3 scrolls of amnesia {unknown}
 h - 10 scrolls of identify
 i - 5 scrolls of remove curse {unknown}
 n - a scroll of noise {unknown}
 s - 5 scrolls of teleportation {unknown}
 t - 3 scrolls of fog {unknown}
 u - a scroll of random uselessness {unknown}
 w - 2 scrolls of enchant armour {unknown}
 y - a scroll of fear {unknown}
Potions
 f - a potion of heal wounds
 g - 2 potions of curing {unknown}
 j - 4 potions of flight
 k - 2 potions of attraction {unknown}
 l - 4 potions of degeneration {unknown}
 p - a potion of lignification {unknown}
 r - 2 potions of might {unknown}
 v - a potion of invisibility {unknown}
 x - a potion of resistance {unknown}
 z - a potion of brilliance {unknown}
 A - a potion of haste {unknown}


   Skills:
 + Level 6.4 Fighting
 + Level 6.2 Long Blades
 - Level 1.7 Throwing
 - Level 2.6 Dodging


You had 6 spell levels left.
You didn't know any spells.
Your spell library was empty.

Dungeon Overview and Level Annotations

Branches:
Dungeon (6/15)              Sewer (visited)
 Temple: D:4-7

Altars:
Cheibriados

Annotations:
D:4 1 runed translucent door, ZZKoverts's ghost, amateur DsVM


Innate Abilities, Weirdness & Mutations

You have razor-sharp toenails.
You are partially covered in yellow scales. (AC +2)


Message History

You are too injured to fight recklessly!
You are too injured to fight recklessly!
The centaur unwields a +0 shortbow.
The centaur wields a +1 vampiric lajatang.
The centaur hits you with a +1 vampiric lajatang!
You are too injured to fight recklessly!
You are too injured to fight recklessly!
You barely miss the centaur. You claw the centaur.
The centaur is lightly wounded.
The centaur misses you.
You slash the centaur! You claw the centaur.
The centaur is severely wounded.
The centaur hits you but does no damage.
You hit the centaur.
The centaur is severely wounded.
The centaur hits you with a +1 vampiric lajatang.
* * * LOW HITPOINT WARNING * * *
The centaur draws strength from your wounds!
The centaur hits you with a +1 vampiric lajatang!
You die...

#.....#..... #.....#....
########....#...#
......##....#...##
............#....#
............#....#
..........((#...# ####.
.##...##...(((((##.....#
.##...##....#...@c......
............#...........
............#...##.....#
...........(#...# .....#
............#.... .....
.##.....(...#..... .....
.#######.((.#...... ....
.##...##....##.. ...#
......((....#


You could see a centaur.

Vanquished Creatures
  Eustachio (D:5)
  Menkaure (D:5)
  Edmund (D:5)
  A centaur (D:5)
  A crimson imp (D:4)
  A hound (D:5)
  An orc wizard (D:4)
  An orc priest (D:4)
  A worker ant (D:3)
  2 iguanas
  A howler monkey skeleton (D:5)
  3 adders
  A white imp (D:4)
  3 oozes (Sewer)
  2 adder skeletons (D:4)
  An adder zombie (D:4)
  3 worms
  3 dart slugs
  4 leopard geckos
  9 orcs
  4 ball pythons
  14 bats
  7 giant cockroaches
  10 goblins
  5 hobgoblins
  8 jackals
  7 kobolds
  4 quokkas
  5 frilled lizards
  3 rats
108 creatures vanquished.

Notes
Turn   | Place    | Note
-------+----------+-------------------------------------------
     0 | D:1      | diana the Demonspawn Gladiator began the quest for the Orb.
     0 | D:1      | Reached XP level 1. HP: 16/16 MP: 1/1
   308 | D:1      | Gained mutation: You are partially covered in yellow
                  | scales. (AC +2) [demonic ancestry]
   308 | D:1      | Reached XP level 2. HP: 22/23 MP: 2/2
  1026 | D:2      | Reached XP level 3. HP: 23/29 MP: 3/3
  1517 | D:2      | Found a snail-covered altar of Cheibriados.
  1937 | D:3      | Gained mutation: You have sharp toenails. [demonic
                  | ancestry]
  1937 | D:3      | Reached XP level 4. HP: 28/35 MP: 4/4
  2246 | D:3      | Found a glowing drain.
  2263 | Sewer    | Entered a sewer
  3419 | D:3      | Reached XP level 5. HP: 17/42 MP: 5/5
  4135 | D:4      | Gained mutation: You have razor-sharp toenails. [demonic
                  | ancestry]
  4135 | D:4      | Reached XP level 6. HP: 29/49 MP: 6/6
  4574 | D:4      | Found a runed translucent door.
  4575 | D:4      | Noticed ZZKoverts's ghost (amateur DsVM)
  4820 | D:5      | Entered Level 5 of the Dungeon
  4883 | D:5      | Noticed Edmund
  4905 | D:5      | Killed Edmund
  4906 | D:5      | Reached skill level 5 in Fighting
  4906 | D:5      | Reached skill level 5 in Long Blades
  5036 | D:5      | Noticed Menkaure
  5045 | D:5      | Killed Menkaure
  5046 | D:5      | Reached XP level 7. HP: 19/57 MP: 7/7
  5552 | D:5      | Noticed Eustachio
  5680 | D:5      | Killed Eustachio
  5832 | D:5      | Slain by a centaur

Illustrated notes

Levels and vault maps discovered:
D:1:      minmay_arrival_nine_rooms, layout_basic
D:2:      layout_basic, kennysheep_slug_shrine
D:3:      layout_loops_ring, portal_sewer_entry_f, minmay_misc_feat_roman
D:4:      layout_rooms, ebering_ghost_reflecting_pool, minmay_fire_ice_demons
D:5:      layout_gridville, uniq_eustachio, uniq_edmund, uniq_menkaure
D:6:      layout_layer_cave, minitemple, nicolae_gozag_seed_capital

Skill      XL: |  1  2  3  4  5  6  7 |
---------------+----------------------+-----
Long Blades    | 3 4 5 6 |  6.2
Fighting       | 3 4 5 6 |  6.4
Throwing       | |  1.7
Dodging        | |  2.6

Action                   |  1- 3 |  4- 6 |  7- 9 || total
-------------------------+-------+-------+-------++-------
Melee: Long sword        |   130 |   173 |    25 ||   328
       Kick              |       |    63 |    13 ||    76
Evoke: Wand              |       |     8 |     1 ||     9
  Use: Potion            |     1 |     3 |       ||     4
       Scroll            |       |     1 |       ||     1
 Stab: Sleeping          |       |     1 |       ||     1
Armor: Leather armour    |    59 |    86 |    26 ||   171
Dodge: Dodged            |   101 |   177 |    39 ||   317
       Rpst.: Long sword |    31 |    56 |     9 ||    96
